AoeStats
← kOtH

African Clearing

504655561Analyzed
4v4 RM · 25d ago on Sep 6, 2026· 35m 20s· 8 players
Game mode
Random Map
Map size
Large (8 player)
Population
200
Speed
Normal
Resources
Standard
Victory
Conquest
Starting age
Dark Age
Ending age
Imperial Age
RankedLock teamsTeams togetherTeam positionsShared explorationLock speedFull tech treeHidden civsTurbo modeCheats
Victory
Defeat
🇺🇸 Spanish · United States
1416
+10
🇺🇸 Cumans · United States
1342
+12
🇨🇴 Malians · Colombia
1339
+13
🇳🇿 Mongols · New Zealand
1305
+14
🇲🇽 Persians · Mexico
1368
-16
🇲🇽 Khmer · Mexico
1331
-15
🇦🇷 Vietnamese · Argentina
1219
-10
🇺🇸 Burgundians · United States
1140
-8
snowball I
9:59 Loom
12:28 Feudal Age
13:14 Double-Bit Axe
14:06 Horse Collar
24:50 Castle Age
23:04 Bloodlines
23:07 Forging
23:03 Scale Barding Armor
23:35 Gold Mining
24:23 Wheelbarrow
23:33 Town Watch
24:57 Light Cavalry
26:20 Bow Saw
26:38 Heavy Plow
27:25 Chain Barding Armor
27:41 Iron Casting
34:59 Hand Cart
骑猪射箭
12:51 Feudal Age
17:31 Castle Age
15:46 Double-Bit Axe
17:33 Horse Collar
19:25 Loom
21:03 Wheelbarrow
22:07 Padded Archer Armor
22:47 Town Watch
25:52 Leather Archer Armor
27:44 Bloodlines
28:20 Bow Saw
30:44 Gold Mining
30:44 Stone Mining
31:24 Ballistics
32:23 Hand Cart
33:14 Husbandry
33:25 Heavy Plow
38:12 Imperial Age
Cualnick
15:14 Feudal Age
15:42 Town Watch
16:55 Wheelbarrow
16:15 Fishing Lines
19:10 Castle Age
17:20 Double-Bit Axe
17:16 Horse Collar
20:04 Bow Saw
19:55 Heavy Plow
24:07 Ballistics
24:51 Loom
26:43 Wheelbarrow
26:49 Treadmill Crane
28:03 Hand Cart
32:40 Imperial Age
30:29 Squires
29:50 Man-at-Arms
30:15 Arson
30:32 Scale Mail Armor
30:54 Gold Mining
31:02 Long Swordsman
32:15 Chain Mail Armor
33:05 Forging
32:47 Two-Handed Swordsman
34:00 Plate Mail Armor
34:08 Champion
rukas
12:08 Feudal Age
15:44 Castle Age
13:44 Double-Bit Axe
17:03 Bow Saw
18:26 Loom
20:42 Fletching
23:16 Town Watch
25:52 Stone Mining
25:53 Gold Mining
31:02 Wheelbarrow
30:12 Horse Collar
35:54 Imperial Age
34:31 Hand Cart
34:28 Gold Mining
35:13 Stone Shaft Mining
36:08 Stone Shaft Mining
36:09 Gold Shaft Mining
35:48 Bodkin Arrow
35:54 Padded Archer Armor
RaffaEP
5:25 Loom
15:08 Feudal Age
20:34 Castle Age
19:03 Double-Bit Axe
20:16 Bow Saw
21:11 Scale Barding Armor
22:11 Forging
27:12 Horse Collar
30:51 Wheelbarrow
kOtH
5:22 Loom
13:11 Feudal Age
13:36 Double-Bit Axe
15:04 Wheelbarrow
15:52 Horse Collar
22:47 Castle Age
20:56 Gold Mining
22:36 Bloodlines
22:52 Forging
22:48 Scale Barding Armor
25:04 Bow Saw
27:37 Husbandry
30:05 Iron Casting
32:05 Chain Barding Armor
33:11 Hand Cart
Rosse SinClan
5:04 Loom
12:47 Feudal Age
17:11 Castle Age
15:44 Double-Bit Axe
17:03 Bloodlines
22:21 Bow Saw
23:39 Wheelbarrow
26:01 Horse Collar
29:40 Town Watch
31:26 Hand Cart
31:06 Gold Mining
34:11 Imperial Age
32:12 Heavy Plow
33:10 Ballistics
34:40 Town Patrol
35:59 Chemistry
35:25 Conscription
NT | MCLovin1986
4:30 Loom
12:53 Feudal Age
13:30 Double-Bit Axe
16:34 Fletching
23:48 Castle Age
21:49 Horse Collar
23:52 Crossbowman
25:01 Bow Saw
24:56 Bodkin Arrow
25:44 Padded Archer Armor
28:03 Ballistics
Connection lost

Rejoining the realm…

Still unreachable

The connection could not be restored.

Session expired

The server has moved on; the page needs a fresh start.